 Dungeon Crawl Stone Soup version 0.22-a0-469-gf26638a (webtiles) character file.

4763 DrEnzyme the Skirmisher (level 10, -2/71 HPs)
             Began as an Octopode Wanderer on June 12, 2018.
             Was an Initiate of Gozag.
             Slain by a vampire mosquito (12 damage)
             ... on level 9 of the Dungeon.
             The game lasted 00:40:25 (10668 turns).

DrEnzyme the Skirmisher (Octopode Wanderer)        Turns: 10668, Time: 00:40:26

Health: -2/71      AC:  1    Str: 13    XL:     10   Next: 47%
Magic:  0/15       EV: 18    Int: 11    God:    Gozag
Gold:   481        SH:  0    Dex: 17    Spells: 12/16 levels left

rFire    . . .     SeeInvis .     - Unarmed
rCold    . . .     Gourm    .   (no shield)
rNeg     . . .     Faith    .   (helmet restricted)
rPois    .         Spirit   +   x - amulet of guardian spirit
rElec    .         Reflect  .   (no ring)
rCorr    .         Harm     .   (no ring)
MR       .....                  (no ring)
Stlth    ++++......             (no ring)
HPRegen  0.21/turn              (no ring)
MPRegen  0.14/turn              (no ring)
                                (no ring)
                                (no ring)

@: gold aura
A: almost no armour, stealthy swim, amphibious, 8 rings, constrict 8, camouflage
1, gelatinous body 1
a: Potion Petition, Call Merchant, Bribe Branch, Renounce Religion


You were on level 9 of the Dungeon.
You worshipped Gozag.
Gozag was aware of your devotion.
You were not hungry.

You visited 2 branches of the dungeon, and saw 10 of its levels.

You collected 856 gold pieces.
You spent 209 gold pieces at shops.
You paid 166 gold pieces to Gozag.

Inventory:

Hand Weapons
 a - a +2 quarterstaff
 c - a +0 dagger
Missiles
 o - 77 arrows
Armour
 g - a +0 large shield
Jewellery
 u - an uncursed amulet of the acrobat
 x - an amulet of guardian spirit (around mantle)
Wands
 m - a wand of flame (51)
 s - a wand of paralysis (8)
Scrolls
 f - a scroll of blinking {unknown}
 h - a scroll of magic mapping
 i - a scroll of identify
 j - 4 scrolls of teleportation
 l - 4 scrolls of remove curse
 n - a scroll of fog {unknown}
 w - a scroll of enchant weapon {unknown}
Potions
 b - 5 potions of curing
 e - 2 potions of magic
 k - 2 potions of cancellation
 p - a potion of agility
 q - 2 potions of haste
 r - a potion of flight
 t - a potion of resistance
 v - a potion of might
Comestibles
 d - 11 rations


   Skills:
 * Level 7.6 Fighting
 - Level 1.9 Short Blades
 - Level 2.0 Staves
 * Level 7.5 Dodging
 - Level 4.0 Stealth
 + Level 4.5 Shields
 * Level 7.2 Unarmed Combat
 + Level 3.8 Spellcasting
 - Level 3.2 Hexes
   Level 2.0 Charms
 - Level 1.1 Evocations


You had 12 spell levels left.
You knew the following spells:

 Your Spells              Type           Power        Failure   Level  Hunger
a - Confusing Touch       Hex            #.....       6%          1    #......
b - Apportation           Tloc           #.....       24%         1    #......
c - Sticks to Snakes      Tmut           #.......     36%         2    ##.....

Your spell library contained the following spells:

 Spells                   Type           Power        Failure   Level  Hunger
 Fireball                 Conj/Fire      #.........   100%        5    ######.
 Conjure Flame            Conj/Fire      #.......     58%         3    ###....
 Throw Flame              Conj/Fire      #.....       36%         2    ##.....
 Summon Small Mammal      Summ           #...         24%         1    #......
 Animate Skeleton         Necr           N/A          24%         1    #......
 Sticky Flame             Conj/Fire      #.......     94%         4    #####..
 Flame Tongue             Conj/Fire      #....        24%         1    #......
 Passwall                 Tmut/Erth      #.......     36%         2    ##.....
 Inner Flame              Hex/Fire       #.......     36%         3    ###....


Dungeon Overview and Level Annotations

Branches:
Dungeon (9/15)             Temple (1/1) D:7
   Lair: D:8-11         Orc: D:9-12

Altars:
Ashenzari
Cheibriados
Dithmenos
Elyvilon
Fedhas
Gozag
Kikubaaqudgha
Nemelex Xobeh
Okawaru
Sif Muna
Trog
Uskayaw
Vehumet
Wu Jian
Yredelemnul
Zin
The Shining One

Shops:
D:4 !   D:5 [   D:7 *

Annotations:
D:2 exclusion: downstairs
D:3 exclusions: giant cockroach and hobgoblin, Grinder, Natasha
D:4 exclusion: ogre
D:5 exclusion: 2 downstairs


Innate Abilities, Weirdness & Mutations

You cannot wear most types of armour.
You are very stealthy in the water. (Stealth+)
You are amphibious.
You can wear up to eight rings at the same time.
You can use your tentacles to constrict eight enemies at once.
Your skin changes colour to match your surroundings (Stealth+).
Your rubbery body absorbs attacks. (AC +1, EV +1)


Message History

You release your grip on the vampire mosquito.
The vampire mosquito misses you.
You completely miss the vampire mosquito.
Your grab misses the vampire mosquito.
Your squeeze misses the vampire mosquito.
The vampire mosquito is heavily damaged.
The vampire mosquito bites you!
* * * LOW HITPOINT WARNING * * *
The vampire mosquito draws strength from your injuries!
The vampire mosquito misses you.
You barely miss the vampire mosquito. You grab the vampire mosquito.
The vampire mosquito is moderately damaged.
You constrict the vampire mosquito, but do no damage.
The vampire mosquito completely misses you.
You barely miss the vampire mosquito.
The vampire mosquito is moderately damaged.
You constrict the vampire mosquito. The vampire mosquito misses you.
The vampire mosquito bites you!
You die...
Your body crumbles into a pile of gold.

PPP.P..P###..####...######
PP.P.P..###..####...#
........#...........#
#.......#...........#
#.......+...........#
#.......#.>.........#
#.####..#...........# .
#.......####+########....
................@y$......
...............###....o..
...............# .......
...............###.......
......#####..............
......#####......>.......
.........................
#########################


You could see an orc warrior (confused) and a vampire mosquito.

Vanquished Creatures
  Pikel (D:6)
  Joseph (D:8)
  A hippogriff (D:8)
  Sigmund (D:3)
  3 vampire mosquitoes (D:9)
  A water moccasin (D:4)
  An orc warrior (D:7)
  4 ice beasts
  3 sky beasts
  A necrophage (D:7)
  5 centaurs
  6 ogres
  6 bullfrogs
  3 scorpions
  2 howler monkeys (D:7)
  A crimson imp (D:7)
  A bullfrog zombie (D:6)
  A jelly (D:9)
  3 orc wizards
  3 hounds
  6 orc priests
  An iguana (D:9)
  2 worker ants (D:5)
  3 hound skeletons
  A hound zombie (D:5)
  A worker ant zombie (D:5)
  Robin (D:2)
  7 gnolls
  5 adders
  3 oozes
  2 adder skeletons
  2 worms (D:2)
  5 dart slugs
  8 leopard geckos
  34 orcs
  5 giant cockroaches
  11 hobgoblins
  3 jackals
  5 quokkas
  2 ball pythons
  10 bats
  6 frilled lizards
  18 goblins
  A jackal skeleton (D:6)
  7 kobolds
  2 rats
199 creatures vanquished.

Vanquished Creatures (others)
  A slave (D:6)
  An ogre (D:6)
  A crimson imp (D:6)
  A worker ant (D:6)
  A quokka (D:6)
5 creatures vanquished.

Grand Total: 204 creatures vanquished

Notes
Turn   | Place    | Note
-------+----------+-------------------------------------------
     0 | D:1      | DrEnzyme the Octopode Wanderer began the quest for the Orb.
     0 | D:1      | DrEnzyme set off with: a +2 quarterstaff, a +0 dagger, a ration
     0 | D:1      | Reached XP level 1. HP: 13/13 MP: 1/1
   290 | D:1      | Reached XP level 2. HP: 17/18 MP: 2/2
   547 | D:1      | Reached skill level 1 in Dodging
   566 | D:1      | Reached skill level 1 in Short Blades
   611 | D:1      | Reached XP level 3. HP: 22/24 MP: 3/3
   827 | D:1      | Reached skill level 1 in Shields
  1164 | D:2      | Reached XP level 4. HP: 29/29 MP: 4/4
  1195 | D:2      | Found an iron altar of Okawaru.
  1261 | D:2      | Noticed Robin
  1660 | D:2      | Learned a level 1 spell: Confusing Touch
  1695 | D:2      | Reached XP level 5. HP: 30/35 MP: 5/5
  1706 | D:2      | Killed Robin
  2090 | D:2      | Learned a level 1 spell: Apportation
  2302 | D:3      | Reached skill level 1 in Unarmed Combat
  2687 | D:3      | Reached XP level 6. HP: 35/41 MP: 6/6
  2942 | D:3      | Noticed Sigmund
  3203 | D:3      | Found a glowing silver altar of Zin.
  3221 | D:3      | Noticed Natasha
  3321 | D:3      | Noticed Grinder
  3331 | D:3      | Killed Sigmund
  3674 | D:4      | Reached XP level 7. HP: 27/46 MP: 6/8
  4033 | D:4      | Reached skill level 1 in Spellcasting
  4154 | D:4      | Found Xauhadeb's Distillery.
  4159 | D:4      | Bought a potion of heal wounds for 55 gold pieces
  4159 | D:4      | Bought a potion of curing for 33 gold pieces
  4159 | D:4      | Bought a potion of curing for 33 gold pieces
  4159 | D:4      | Bought a potion of agility for 44 gold pieces
  4160 | D:4      | Bought a potion of agility for 44 gold pieces
  4628 | D:5      | Entered Level 5 of the Dungeon
  4820 | D:4      | Reached XP level 8. HP: 35/54 MP: 5/10
  5320 | D:5      | Found Gaumiamm's Antique Armour Emporium.
  5320 | D:5      | Found a sparkling altar of Nemelex Xobeh.
  5420 | D:5      | Reached skill level 5 in Fighting
  5557 | D:5      | Found a blossoming altar of Fedhas.
  5883 | D:6      | Reached skill level 5 in Dodging
  6316 | D:6      | Learned a level 2 spell: Sticks to Snakes
  6713 | D:6      | Noticed Pikel
  6733 | D:6      | Killed Pikel
  6733 | D:6      | Reached skill level 5 in Unarmed Combat
  6733 | D:6      | Reached XP level 9. HP: 29/62 MP: 10/12
  7465 | D:7      | Found Hotekloe's Assorted Antiques.
  7671 | D:7      | Found an ancient bone altar of Kikubaaqudgha.
  7674 | D:7      | Found a shattered altar of Ashenzari.
  7677 | D:7      | Found an ornate altar of the Wu Jian Council.
  7689 | D:7      | Found a radiant altar of Vehumet.
  7843 | D:7      | Found a staircase to the Ecumenical Temple.
  8126 | Temple   | Entered the Ecumenical Temple
  8133 | Temple   | Became a worshipper of Gozag Ym Sagoz the Greedy
  8426 | D:8      | Noticed Joseph
  8444 | D:8      | Killed Joseph
  8712 | D:8      | Reached XP level 10. HP: 58/69 MP: 14/14
 10668 | D:9      | Slain by a vampire mosquito

Vault maps used:
D:1:      giann_horns, minmay_crystal_room, st_stairs_12,
          hangedman_decor_riveting
D:2:      okawaru_gym_becter, first_ration, kennysheep_doodads, uniq_sigmund,
          uniq_robin
D:3:      nicolae_overflow_crystal_walls, grunt_ministairs_11,
          uniq_crazy_yiuf_cottage, uniq_natasha, uniq_grinder
D:4:      serial_shops, kennysheep_little_box
D:5:      lemuel_coloured_pillars_altar, nemelex_xobeh_ov_fountains_minmay,
          serial_shops, nicolae_shop_crystal
D:6:      uniq_pikel
D:7:      grunt_temple_overflow_cloverleaf, temple_pool_b, serial_shops,
          shop_fountains
D:8:      uniq_joseph
D:9:      nicolae_overflow_hidden_temple, grunt_lair_entry_orc_guard_hut,
          orc_0_dummy
Temple:   cyrus_circular_temple

Skill      XL: |  1  2  3  4  5  6  7  8  9 10 |
---------------+-------------------------------+-----
Dodging        | 1 2 3 4 5 6 7 |  7.5
Short Blades   | 1 |  1.9
Shields        | 1 2 3 4 |  4.5
Fighting       | 2 3 4 5 6 7 |  7.6
Unarmed Combat | 1 2 3 5 6 7 |  7.2
Spellcasting   | 1 2 3 |  3.8
Hexes          | 2 3 |  3.2
Staves         | |  2.0
Stealth        | |  4.0
Charms         | |  2.0
Evocations     | |  1.1

Action                   |  1- 3 |  4- 6 |  7- 9 | 10-12 || total
-------------------------+-------+-------+-------+-------++-------
Melee: Dagger            |    85 |   117 |       |       ||   202
       Constrict         |    25 |    45 |    64 |    29 ||   163
       Tentacles         |     9 |    42 |   107 |    41 ||   199
       Unarmed           |       |    42 |   319 |   151 ||   512
       Punch             |       |       |    17 |    11 ||    28
 Cast: Confusing Touch   |       |     2 |    72 |    27 ||   101
Invok: Potion Petition   |       |       |       |     1 ||     1
  Use: Potion            |       |     7 |     7 |       ||    14
       Scroll            |       |       |     5 |     3 ||     8
 Stab: Sleeping          |     9 |     5 |     6 |     3 ||    23
       Invisible         |       |     1 |       |       ||     1
       Confused          |       |       |    21 |    14 ||    35
  Eat: Chunk             |     1 |     2 |    15 |       ||    18
       Ration            |       |     2 |     1 |     2 ||     5
Armor: Skin              |    13 |     4 |    11 |     2 ||    30
Dodge: Dodged            |    62 |    95 |   171 |   119 ||   447

Table legend:
 A = Spawn XP
 B = Non-spawn XP
 C = Spawn XP percentage of total XP
 D = Spawn monster count
 E = Non-spawn monster count
 F = Spawn count percentage of total count
 G = Total turns spent on level
                    A         B        C        D         E        F      G
               +---------+---------+-------+---------+---------+-------+---------
         Total |       0 |    6805 |   0.0 |       0 |     199 |   0.0 | 10668
               +---------+---------+-------+---------+---------+-------+---------
           D:1 |       0 |      62 |   0.0 |       0 |      30 |   0.0 |   993
           D:2 |       0 |     149 |   0.0 |       0 |      36 |   0.0 |  1910
           D:3 |       0 |     425 |   0.0 |       0 |      33 |   0.0 |  1008
           D:4 |       0 |     600 |   0.0 |       0 |      14 |   0.0 |   998
           D:5 |       0 |     580 |   0.0 |       0 |      15 |   0.0 |  1467
           D:6 |       0 |    1351 |   0.0 |       0 |      13 |   0.0 |   984
           D:7 |       0 |     879 |   0.0 |       0 |      19 |   0.0 |   781
           D:8 |       0 |    1000 |   0.0 |       0 |      10 |   0.0 |  1360
           D:9 |       0 |    1759 |   0.0 |       0 |      29 |   0.0 |  1152
               +---------+---------+-------+---------+---------+-------+---------
